 Dungeon Crawl Stone Soup version 0.29-a0-11-ga75d3d97ab (webtiles) character file.

Game seed: 4908700810364975477

17675 soggyman666 the Carver (level 12, -8/135 HPs)
             Began as a Hill Orc Monk on Jan 28, 2022.
             Was a High Priest of Hepliaklqana.
             Killed from afar by a frost giant (38 damage)
             ... with a bolt of cold
             ... in an ice cave.
             The game lasted 00:46:51 (14448 turns).

soggyman666 the Carver (Hill Orc Monk)             Turns: 14448, Time: 00:46:53

Health: -8/135     AC: 20    Str: 25    XL:     12   Next: 50%
Magic:  0/18       EV: 11    Int: 10    God:    Hepliaklqana [*****.]
Gold:   358        SH:  0    Dex: 21    Spells: 11/11 levels left

rFire   . . .      SeeInvis .   O - +6 falchion of Zawya {spect, *Corrode rPois Str+6 Dex+2}
rCold   . . .      Faith    .   (no shield)
rNeg    . . .      Spirit   +   m - +1 chain mail
rPois   +          Reflect  .   c - +1 helmet
rElec   .          Harm     .   A - +0 cloak
rCorr   +          Rampage  .   n - +1 pair of gloves
Will    .....                   I - +0 pair of boots
Stlth   ..........              G - amulet of guardian spirit
HPRegen 0.32/turn               Q - +6 ring of dexterity
MPRegen 0.16/turn               x - ring of resist corrosion

@: berserking, very quick
A: reduced essence
a: Renounce Religion, Recall Ancestor, Ancestor Identity, Transference, Idealise


You were in an ice cave.
You worshipped Hepliaklqana.
Hepliaklqana was extremely pleased with you.
You visited 2 branches of the dungeon, and saw 13 of its levels.
You also visited: Ice Cave.

You collected 526 gold pieces.
You spent 168 gold pieces at shops.

Inventory:

Hand Weapons
 a - a +1 hand axe
 o - a +0 trident of flaming
 N - a +2 falchion of holy wrath
 O - the +6 falchion of Zawya (weapon) {spect, *Corrode rPois Str+6 Dex+2}
   (You bought it in a shop on level 2 of the Dungeon)

   When its wielder attacks, the weapon's spirit leaps out and strikes again.
   The spirit shares a part of any damage it takes with its wielder.
   Str:       It affects your strength (+6).
   Dex:       It affects your dexterity (+2).
   rPois:     It protects you from poison.
   *Corrode:  It may corrode you when you take damage.
Missiles
 i - 7 boomerangs (quivered)
 j - 173 arrows
 k - 310 stones
 p - 17 poisoned darts
 y - 70 bolts
Armour
 c - a +1 helmet (worn)
 m - a +1 chain mail (worn)
 n - a +1 pair of gloves (worn)
 A - a +0 cloak (worn)
 I - a +0 pair of boots (worn)
Jewellery
 e - a ring of protection from cold
 x - a ring of resist corrosion (right hand)
 G - an amulet of guardian spirit (around neck)
 H - a ring of fire
 Q - a +6 ring of dexterity (left hand)
Wands
 w - a wand of flame (38)
 B - a wand of acid (15)
 K - a wand of iceblast (10)
 S - a wand of digging (7)
Scrolls
 b - 6 scrolls of teleportation
 f - 2 scrolls of blinking {unknown}
 g - 4 scrolls of fog
 h - 2 scrolls of magic mapping
 C - 3 scrolls of fear
 D - a scroll of vulnerability {unknown}
 E - 2 scrolls of silence {unknown}
 L - a scroll of enchant armour
 M - a scroll of amnesia
 R - a scroll of summoning {unknown}
Potions
 d - a potion of berserk rage
 l - 4 potions of haste
 q - 2 potions of might
 r - a potion of resistance
 s - 5 potions of curing
 t - 3 potions of heal wounds
 z - a potion of cancellation {unknown}
 F - 2 potions of brilliance {unknown}
 P - 2 potions of magic {unknown}
 T - a potion of lignification {unknown}
 U - a potion of mutation {unknown}
Miscellaneous
 J - a tin of tremorstones (inert)


   Skills:
 + Level 8.1 Fighting
 - Level 11.4 Long Blades
 - Level 11.2 Axes
 + Level 1.7 Throwing
 + Level 9.4 Armour
 * Level 4.9 Dodging
 + Level 3.2 Stealth
 * Level 8.7 Invocations
 * Level 6.4 Evocations


You had 11 spell levels left.
You didn't know any spells.
Your spell library contained the following spells:

 Spells                   Type           Power      Damage    Failure   Level
 Dazzling Flash           Conj/Hex       0%         N/A       99%         3
 Gell's Gravitas          Tloc           0%         N/A       99%         3
 Ignite Poison            Fire/Tmut/Pois 0%         N/A       99%         3
 Mephitic Cloud           Conj/Pois/Air  0%         N/A       99%         3
 Teleport Other           Tloc           0%         N/A       99%         3
 Agony                    Necr           0%         N/A       100%        5
 Fireball                 Conj/Fire      0%         3d3       100%        5
 Freezing Cloud           Conj/Ice/Air   0%         6-21      100%        5
 Silence                  Hex/Air        0%         N/A       100%        5
 Dispersal                Tloc           0%         N/A       100%        6
 Starburst                Conj/Fire      0%         6d3       100%        6
 Ignition                 Fire           0%         3d3       100%        8


Dungeon Overview and Level Annotations

Branches:
Dungeon (12/15)            Temple (1/1) D:4            Lair (0/6) D:8
    Orc (0/2) D:10          IceCv (1/1)

Altars:
Ashenzari
Cheibriados
Dithmenos
Elyvilon
Fedhas
Gozag
Hepliaklqana
Kikubaaqudgha
Makhleb
Nemelex Xobeh
Okawaru
Qazlal
Ru
Sif Muna
Trog
Uskayaw
Vehumet
Wu Jian
Xom
Yredelemnul
Zin
The Shining One
Beogh

Shops:
D:2 (   D:7 *   D:11 [


Message History

The burst of rock shards engulfs the frost giant!
The burst of rock shards engulfs the frost giant but does no damage.
Elessi avoids your attack.
The burst of rock shards engulfs the frost giant!
The tin is emptied!
Unknown command.
Okay, then.
You see here a death yak skeleton.
Elessi casts a spell at the frost giant.
The puff of frost hits the frost giant.
The frost giant completely resists.
A red film seems to cover your vision as you go berserk!
You feel yourself moving faster!
You feel mighty!
You feel a strong urge to attack something.
You slash the frost giant!
The frost giant is moderately wounded.
Your +6 falchion of Zawya {spect, *Corrode rPois Str+6 Dex+2} hits the frost giant.
The frost giant hits you with a +2 battleaxe of freezing!!
The frost giant freezes you!
The frost giant closely misses your +6 falchion of Zawya {spect, *Corrode rPois Str+6 Dex+2}.
You completely miss the frost giant.
The frost giant is moderately wounded.
Your +6 falchion of Zawya {spect, *Corrode rPois Str+6 Dex+2} hits the frost giant!
You slash the frost giant!
The frost giant is heavily wounded.
Your +6 falchion of Zawya {spect, *Corrode rPois Str+6 Dex+2} hits the frost giant but does no damage.
The frost giant gestures at you while chanting.
The bolt of cold hits you!!!
* * * LOW HITPOINT WARNING * * *
You slice the frost giant!!
The frost giant is severely wounded.
Your +6 falchion of Zawya {spect, *Corrode rPois Str+6 Dex+2} hits the frost giant.
You are too berserk!
Unknown command.
You are too berserk!
You slice the frost giant!!
The frost giant is almost dead.
Your +6 falchion of Zawya {spect, *Corrode rPois Str+6 Dex+2} hits the frost giant.
The frost giant casts a spell at you. The bolt of cold hits you!!!
You die...

#..##
##...###.
##..#
##.....##.
##.#
##......##.
#.##
#.†##.....#
#..#
##.###......
##÷## #.†#
##..... #.R#
#.## #.....
#(C## ##..#
##.... ##@.#
#..## #....
#..###..#
##..#
##..##..#
####
#..#R.##
##...##
#..## ####


You could see the friendly Elessi the battlemage, a frost giant (ally target)
and a friendly +6 falchion of Zawya {spect, *Corrode rPois Str+6 Dex+2}
(summoned).

Vanquished Creatures
  A boulder beetle (D:11)
  3 death yaks (IceCv)
  2 ice devils (D:12)
  4 rime drakes (IceCv)
  2 polar bears (IceCv)
  2 slime creatures (D:12)
  A shadow (D:11)
  A vampire (D:9)
  A wraith (D:9)
  5 yaks (IceCv)
  3 vampire mosquitoes (D:11)
  An acid dragon (D:9)
  4 orc warriors
  4 centaurs
  5 wolves (IceCv)
  2 bullfrogs
  A gnoll sergeant (D:4)
  4 electric eels (D:11)
  A centaur zombie (D:8)
  2 hounds
  6 orc priests
  A gnoll shaman (D:7)
  Ijyb (D:3)
  Jessica (D:2)
  A centaur skeleton (D:3)
  An iguana (D:7)
  5 orc wizards
  Terence (D:3)
  A killer bee zombie (D:8)
  A hound skeleton (D:5)
  5 gnolls
  4 adders
  A shadow imp (D:5)
  2 worms (D:2)
  2 dart slugs
  26 orcs
  3 bats
  6 endoplasms
  4 giant cockroaches
  7 goblins
  9 hobgoblins
  4 jackals (D:1)
  9 kobolds
  A quokka (D:2)
  2 ball pythons
  4 frilled lizards
  6 rats
163 creatures vanquished.

Vanquished Creatures (collateral kills)
  Erolcha (D:9)
  A centaur warrior (D:11)
  4 death yaks (IceCv)
  A two-headed ogre (D:9)
  An ugly thing (D:12)
  A centaur zombie (D:10)
  An ice statue (IceCv)
  An unseen horror (D:8)
  A hornet (D:8)
  2 polar bears (IceCv)
  2 wyverns
  2 wraiths
  A steam dragon (D:6)
  A vampire mosquito (D:11)
  2 orc warriors
  A sky beast (D:6)
  A hornet zombie (D:6)
  An ice beast (D:7)
  A tengu (shapeshifter) (D:10)
  2 black bears (D:6)
  A necrophage (D:7)
  3 wolves (IceCv)
  3 ogres
  A centaur (D:8)
  A kobold brigand (D:6)
  A bullfrog (D:8)
  A water moccasin zombie (D:6)
  3 scorpions (D:5)
  An electric eel (D:11)
  A howler monkey (D:10)
  2 orc priests
  A jelly (D:6)
  An iguana (D:5)
  7 orc wizards
  A killer bee zombie (D:6)
  2 howler monkey zombies
  2 adders
  5 gnolls
  A shadow imp (D:5)
  14 orcs
  2 ball pythons (D:4)
  A goblin (D:4)
  A hobgoblin (D:4)
  2 jackals (D:4)
  2 quokkas
88 creatures vanquished.

Vanquished Creatures (others)
  7 battlemagi
7 creatures vanquished.

Grand Total: 258 creatures vanquished

Notes
Turn   | Place    | Note
-------+----------+-------------------------------------------
     0 | D:1      | soggyman666 the Hill Orc Monk began the quest for the Orb.
     0 | D:1      | Reached XP level 1. HP: 19/19 MP: 1/1
   109 | D:1      | Reached XP level 2. HP: 12/27 MP: 2/2
   643 | D:1      | Reached XP level 3. HP: 33/33 MP: 3/3
   978 | D:2      | Noticed Jessica
   990 | D:2      | Killed Jessica
  1114 | D:2      | Reached XP level 4. HP: 40/40 MP: 4/4
  1245 | D:2      | Reached skill level 5 in Axes
  1449 | D:2      | Found an iron altar of Okawaru.
  1558 | D:2      | Found Uziolur's Antique Weapon Emporium.
  1721 | D:3      | Noticed Terence
  1742 | D:3      | Killed Terence
  1743 | D:3      | Reached XP level 5. HP: 16/46 MP: 5/5
  1980 | D:3      | Reached skill level 1 in Armour
  2209 | D:3      | Noticed Ijyb
  2221 | D:3      | Paralysed by Ijyb for 3 turns
  2231 | D:3      | Killed Ijyb
  2717 | D:4      | Found a staircase to the Ecumenical Temple.
  2728 | Temple   | Entered the Ecumenical Temple
  3275 | Temple   | Became a worshipper of Hepliaklqana the Forgotten
  3275 | Temple   | Reached * piety under Hepliaklqana
  3275 | Temple   | Reached ** piety under Hepliaklqana
  3277 | Temple   | Remembered your ancestor Elessi as a battlemage
  3366 | D:4      | Noticed an ogre
  3460 | D:4      | Killed an ogre
  3461 | D:4      | Reached XP level 6. HP: 44/47 MP: 3/6
  3800 | D:4      | Reached XP level 7. HP: 54/54 MP: 7/7
  4142 | D:5      | Entered Level 5 of the Dungeon
  4152 | D:5      | Reached skill level 5 in Fighting
  4788 | D:5      | Found a glowing silver altar of Zin.
  4831 | D:5      | Reached skill level 1 in Invocations
  5269 | D:6      | Reached XP level 8. HP: 50/62 MP: 9/9
  5376 | D:6      | Reached skill level 1 in Evocations
  5404 | D:6      | Reached skill level 1 in Throwing
  5737 | D:6      | Reached *** piety under Hepliaklqana
  5942 | D:6      | Reached skill level 5 in Armour
  6364 | D:7      | Reached XP level 9. HP: 51/67 MP: 12/12
  6605 | D:7      | Reached skill level 10 in Axes
  6605 | D:7      | Reached skill level 5 in Invocations
  7162 | D:7      | Found Lanacs's CLEARANCE SALE!.
  7657 | D:8      | Noticed a hornet
  7666 | D:8      | Killed a hornet
  7764 | D:8      | Killed an unseen horror
  7765 | D:8      | Reached XP level 10. HP: 61/75 MP: 14/14
  7868 | D:8      | Found a staircase to the Lair.
  8250 | D:2      | Bought a transparent falchion for 168 gold pieces
  8250 | D:2      | Identified the +6 falchion of Zawya {spect, *Corrode rPois
                  | Str+6 Dex+2} (You bought it in a shop on level 2 of the
                  | Dungeon)
  9028 | D:9      | Noticed Erolcha
  9032 | D:9      | Killed Erolcha
  9033 | D:9      | Reached skill level 1 in Long Blades
  9061 | D:9      | Noticed a two-headed ogre
  9067 | D:9      | Killed a two-headed ogre
  9068 | D:9      | Reached skill level 5 in Evocations
  9103 | D:9      | Reached **** piety under Hepliaklqana
  9368 | D:10     | Entered Level 10 of the Dungeon
  9586 | D:10     | Found a staircase to the Orcish Mines.
  9603 | D:10     | Found a roughly hewn altar of Beogh.
 10014 | D:11     | Reached XP level 11. HP: 82/82 MP: 16/16
 10462 | D:11     | Reached skill level 5 in Long Blades
 10559 | D:11     | Noticed a boulder beetle
 11348 | D:11     | Noticed a centaur warrior
 11354 | D:11     | Killed a centaur warrior
 11544 | D:11     | Killed a boulder beetle
 11876 | D:11     | Found Fawnui's Antique Armour Shop.
 11956 | D:12     | Reached ***** piety under Hepliaklqana
 11964 | D:12     | Noticed a four-headed hydra
 11975 | D:12     | Noticed a two-headed ogre
 12046 | D:12     | Noticed a brown ugly thing
 12052 | D:12     | Killed a brown ugly thing
 12367 | D:12     | Found a frozen archway.
 12423 | IceCv    | Entered an ice cave
 12795 | IceCv    | Noticed a death yak
 12799 | IceCv    | Reached skill level 10 in Long Blades
 12807 | IceCv    | Killed a death yak
 12903 | IceCv    | Noticed a death yak
 12904 | IceCv    | Noticed a death yak
 12938 | IceCv    | Killed a death yak
 12939 | IceCv    | Reached XP level 12. HP: 84/90 MP: 14/17
 12942 | IceCv    | Killed a death yak
 14035 | IceCv    | Noticed a death yak
 14048 | IceCv    | Killed a death yak
 14073 | IceCv    | Noticed a death yak
 14102 | IceCv    | Killed a death yak
 14208 | IceCv    | Noticed a death yak
 14218 | IceCv    | Noticed a death yak
 14222 | IceCv    | Killed a death yak
 14230 | IceCv    | Killed a death yak
 14409 | IceCv    | Noticed a frost giant
 14409 | IceCv    | Noticed a death yak
 14448 | IceCv    | Killed from afar by a frost giant

Illustrated notes

Levels and vault maps discovered:
D:1:      amcnicky_arrival_gap_in_the_tavern_cellar, layout_loops_ring,
          minmay_heptomino_l4
D:2:      layout_rooms, basic_altar, serial_shops, shop, serial_glass,
          glass_columns_a, glass_columns_a, uniq_jessica
D:3:      layout_basic, minmay_misc_feat_enclosed, uniq_terence, uniq_ijyb
D:4:      layout_gridville, minmay_temple_entry_glassed_door
D:5:      nicolae_BIG_FREAKIN_CUBE, layout_basic, zin_academy
D:6:      wander_river, layout_rooms, serial_corexii_hall,
          corexii_hall_statues_l, corexii_hall_statues_x
D:7:      layout_rooms, nicolae_shop_clearance
D:8:      layout_basic, lair_entry_dummy
D:9:      layout_loops_ring, uniq_erolcha
D:10:     layout_rooms, minmay_orc_entry_temple_small, feat_on_display
D:11:     layout_basic, serial_shops, nicolae_lakefront_shop
D:12:     layout_gridville, portal_ice_cave_demonic_guard, uniq_frances
Temple:   mainiacjoe_temple_starburst
IceCv:    ice_cave_small_giant

Skill      XL: |  1  2  3  4  5  6  7  8  9 10 11 12 |
---------------+-------------------------------------+-----
Fighting       | 4 5 6 7 8 |  8.1
Dodging        | 3 4 |  4.9
Axes           | 5 6 7 8 9 11 | 11.2
Stealth        | 2 3 |  3.2
Armour         | 2 3 4 5 7 8 9 |  9.4
Invocations    | 2 4 6 7 8 |  8.7
Evocations     | 2 4 5 6 |  6.4
Throwing       | 1 |  1.7
Long Blades    | 3 11 | 11.4

Action                   |  1- 3 |  4- 6 |  7- 9 | 10-12 || total
-------------------------+-------+-------+-------+-------++-------
Melee: Hand axe          |    77 |   158 |   219 |       ||   454
       Punch             |       |     4 |     5 |     6 ||    15
       Falchion          |       |       |       |   227 ||   227
Throw: Boomerang         |     7 |     6 |    14 |       ||    27
       Stone             |       |       |     2 |       ||     2
Invok: Recall Ancestor   |       |     1 |       |     3 ||     4
       Ancestor Life: Ba |       |     1 |       |       ||     1
       Ancestor Identity |       |     1 |       |       ||     1
Evoke: Wand              |       |     1 |     3 |    16 ||    20
       Tin of tremorston |       |       |       |     3 ||     3
  Use: Scroll            |     5 |     1 |     6 |     6 ||    18
       Potion            |       |       |       |     1 ||     1
 Stab: Sleeping          |     2 |       |       |       ||     2
       Distracted        |       |     1 |     1 |     6 ||     8
       Paralysed         |       |       |       |     6 ||     6
Armor: Leather armour    |    19 |       |       |       ||    19
       Chain mail        |     8 |   122 |   134 |   125 ||   389
Dodge: Dodged            |    47 |    73 |    80 |   105 ||   305

Table legend: (Time is in decaauts)
 A = Elapsed time spent in this place.
 B = Non-inter-level travel time spent in this place.
 C = Inter-level travel time spent in this place.
 D = Time resting spent in this place.
 E = Time spent auto-exploring this place.
 F = Levels seen in this place.
 G = Mean time per level.
                   A        B        C        D        E       F      G
               +--------+--------+--------+--------+--------+-----+--------+
         Total |  14468 |  13200 |   1268 |   3602 |   7220 |  14 | 1033.4 |
       Dungeon |  11859 |  10692 |   1167 |   2466 |   6363 |  12 |  988.2 |
        Temple |    605 |    504 |    101 |      0 |    493 |   1 |  605.0 |
      Ice Cave |   2004 |   2004 |      0 |   1136 |    364 |   1 | 2004.0 |
               +--------+--------+--------+--------+--------+-----+--------+

Top non-repeatable levels by time:
   IceCv: 2004 daAuts
    D:11: 1632 daAuts
    D:10: 1171 daAuts
     D:6: 1140 daAuts
     D:5: 1106 daAuts
     D:3: 1035 daAuts
     D:8: 1013 daAuts
     D:9: 985 daAuts
     D:1: 978 daAuts
     D:4: 951 daAuts
     D:7: 857 daAuts
     D:2: 718 daAuts
  Temple: 605 daAuts
    D:12: 268 daAuts
